Map: Lightshade LE

Players

Stats - Winner!

  • Race: Protoss Protoss
  • Spawn Location: 11:00

Astrea

  • Race: Protoss Protoss
  • League: Master
  • Spawn Location: 5:00

Event: DreamHack SC2 Masters 2020 Winter

VOD

Have the link to the VOD?

Description

Time

  • Played on: Nov. 14, 2020, 11:50 a.m.
  • Length: 17:13

All games in this series

Show
View Real Time Build Order
Export as new Build Order

Stats Protoss - Winner!

Build Orders: 1 Gate Expand 

Get SALT Encoding   

  12  0:00  Probe  
  13  0:12  Probe  
  14  0:20  Pylon  
  14  0:24  Probe  
  15  0:38  Gateway, Probe (Chrono Boost)  
  16  0:47  Assimilator, Probe (Chrono Boost)  
  17  0:52  Probe  
  18  1:04  Probe  
  19  1:16  Probe  
  20  1:24  Nexus  
  20  1:32  Cybernetics Core  
  20  1:35  Probe  
  21  1:45  Assimilator  
  21  1:47  Probe  
  21  1:51  Pylon  
  22  1:59  Probe  
  23  2:08  Stalker (Chrono Boost)  
  23  2:11  Warp Gate, Probe  
  26  2:25  Shield Battery  
  26  2:26  Probe  
  27  2:30  Stalker  
  29  2:39  Probe x2  
  31  2:51  Probe x2  
  31  2:56  Robotics Facility  
  33  3:00  Stalker  
  33  3:04  Probe x2  
  37  3:11  Gateway  
  37  3:17  Probe x2  
  38  3:21  Shield Battery  
  38  3:26  Pylon  
  38  3:29  Probe  
  38  3:30  Probe  
  40  3:36  Shield Battery  
  40  3:45  Immortal (Chrono Boost)  
  44  3:55  Shield Battery  
  44  4:01  Stalker  
  46  4:06  Stalker  
  48  4:14  Warp Prism (Chrono Boost)  
  48  4:16  Pylon  
  50  4:29  Stalker  
  50  4:30  Stalker  
  50  4:32  Shield Battery  
  50  4:45  Immortal (Chrono Boost)  
  49  4:47  Shield Battery  
  53  4:57  Zealot  
  55  5:00  Zealot  
  57  5:14  Cybernetics Core  
  47  5:22  Zealot x2  
  51  5:29  Immortal (Chrono Boost)  
  53  5:41  Gateway  
  53  5:48  Zealot  
  51  5:56  Shield Battery  
  47  6:15  Zealot  
  45  6:31  Immortal (Chrono Boost)  
  47  6:36  Zealot x2  
  47  6:46  Shield Battery  
  45  6:50  Shield Battery  
  43  6:59  Adept x2  
  47  7:05  Shield Battery  
  47  7:13  Probe x2  
  47  7:24  Sentry x2  
  47  7:26  Probe x2  
  53  7:44  Probe  
  52  7:46  Pylon  
  52  7:50  Pylon  
  52  7:52  Stalker, Pylon  
  52  7:53  Probe  
  54  8:04  Observer  
  55  8:09  Stalker  
  55  8:11  Probe x2  
  59  8:16  Stalker  
  61  8:23  Probe  
  62  8:29  Phoenix  
  58  8:41  Stalker x2  
  58  8:47  Probe x2 (Chrono Boost)  
  63  8:56  Probe x2 (Chrono Boost)  
  63  9:01  Probe x2 (Chrono Boost)  
  63  9:02  Twilight Council  
  63  9:08  Sentry x2  
  69  9:19  Probe (Chrono Boost)  
  70  9:26  Probe (Chrono Boost)  
  70  9:28  Assimilator  
  72  9:31  Forge, Probe (Chrono Boost)  
  72  9:34  Sentry x2  
  72  9:36  Probe (Chrono Boost)  
  72  9:38  Pylon, Probe (Chrono Boost)  
  77  9:40  Pylon  
  78  9:56  Probe x2  
  80  10:02  Adept x2  
  84  10:08  Blink (Chrono Boost)  
  64  10:22  Immortal (Chrono Boost)  
  66  10:29  Stalker x2  
  70  10:39  Protoss Ground Weapons Level 1 (Chrono Boost)  
  56  10:45  Gateway  
  56  10:46  Gateway  
  56  10:56  Stalker x2  
  60  11:06  Immortal (Chrono Boost)  
  64  11:20  Stalker x2  
  66  11:39  Observer  
  66  11:44  Stalker x4  
  66  11:46  Warp Prism  
  70  12:08  Stalker  
  70  12:09  Stalker x3  
  78  12:27  Nexus  
  78  12:29  Pylon  
  78  12:39  Observer  
  78  12:43  Observer  
  79  12:51  Stalker x3  
  85  13:05  Stalker  
  85  13:13  Probe x2 (Chrono Boost)  
  85  13:14  Stalker x2  
  85  13:19  Protoss Ground Weapons Level 2 (Chrono Boost)  
  88  13:25  Probe x2 (Chrono Boost)  
  91  13:34  Probe x2 (Chrono Boost)  
  91  13:39  Probe (Chrono Boost)  
  92  13:44  Observer  
  92  13:45  Probe x2 (Chrono Boost)  
  92  14:06  Probe x2  
  92  14:07  Probe, Immortal (Chrono Boost)  
  92  14:08  Shield Battery  
  92  14:09  Charge  
  97  14:23  Probe x3  
  100  14:37  Stalker x4  
  106  14:52  Immortal (Chrono Boost)  
  106  14:53  Probe x3  
  106  14:55  Pylon  
  106  14:59  Pylon  
  113  15:01  Photon Cannon  
  113  15:25  Observer  
  113  15:26  Gateway  
  113  15:28  Gateway  
  114  15:30  Gateway  
  114  15:32  Gateway  
  114  15:49  Nexus  
  114  15:50  Pylon  
  98  16:09  Stalker x3  
  98  16:10  Stalker  
  104  16:13  Probe x3  
  107  16:25  Probe x3  
  102  16:34  Zealot x8  
  118  16:41  Probe x3  
  109  17:07  Zealot x8  
Show
View Real Time Build Order
Export as new Build Order

Astrea Protoss 

Build Orders:  

Get SALT Encoding   

  12  0:00  Probe  
  13  0:12  Probe  
  14  0:18  Pylon  
  14  0:24  Probe (Chrono Boost)  
  15  0:37  Probe (Chrono Boost)  
  15  0:38  Gateway  
  16  0:45  Probe (Chrono Boost)  
  16  0:46  Assimilator  
  17  0:51  Probe  
  17  0:54  Assimilator  
  18  1:03  Probe (Chrono Boost)  
  19  1:08  Gateway  
  19  1:13  Probe (Chrono Boost)  
  19  1:18  Probe (Chrono Boost)  
  20  1:24  Cybernetics Core  
  21  1:29  Probe  
  22  1:34  Pylon  
  22  1:41  Probe  
  23  1:53  Probe  
  24  2:01  Stalker x2, Warp Gate  
  28  2:12  Robotics Facility  
  28  2:19  Pylon  
  28  2:37  Stalker x2  
  31  2:49  Gateway  
  31  3:00  Immortal (Chrono Boost)  
  35  3:09  Sentry  
  35  3:12  Pylon  
  37  3:28  Warp Prism (Chrono Boost)  
  39  3:54  Stalker x2  
  43  3:57  Stalker  
  43  4:02  Observer  
  46  4:09  Pylon  
  46  4:29  Stalker x2  
  46  4:30  Stalker  
  50  4:44  Shield Battery  
  48  4:52  Sentry  
  48  4:53  Zealot x2  
  48  4:55  Pylon  
  48  5:15  Sentry x2  
  48  5:16  Zealot  
  54  5:24  Shield Battery x2  
  52  5:48  Stalker x3  
  50  5:55  Shield Battery  
  50  6:14  Zealot, Sentry  
  50  6:15  Zealot  
  44  6:36  Immortal  
  44  6:38  Zealot x2  
  48  6:42  Zealot  
  48  7:00  Sentry x2  
  52  7:03  Zealot  
  52  7:41  Observer  
  52  7:42  Pylon  
  52  7:50  Nexus  
  52  7:56  Robotics Bay  
  52  8:00  Pylon, Robotics Facility  
  52  8:06  Observer  
  52  8:11  Stalker  
  53  8:18  Zealot x2  
  57  8:33  Nexus  
  54  8:48  Disruptor (Chrono Boost)  
  54  8:54  Probe  
  58  8:55  Shield Battery  
  58  9:06  Probe  
  59  9:18  Probe  
  59  9:23  Disruptor (Chrono Boost)  
  61  9:44  Disruptor  
  63  9:56  Probe x2 (Chrono Boost)  
  65  10:06  Probe (Chrono Boost)  
  57  10:17  Stalker x2  
  51  10:23  Stalker  
  51  10:25  Disruptor  
  49  10:43  Stalker x2  
  51  10:56  Stalker  
  53  10:59  Probe x2 (Chrono Boost)  
  55  11:10  Probe x2 (Chrono Boost)  
  57  11:15  Probe x2 (Chrono Boost)  
  59  11:25  Probe x2  
  62  11:26  Observer (Chrono Boost)  
  62  11:37  Probe x2  
  62  11:39  Stalker x2  
  68  11:42  Stalker  
  66  11:49  Probe x2  
  63  12:01  Probe x2  
  63  12:08  Immortal  
  68  12:13  Probe  
  68  12:14  Probe  
  70  12:16  Observer  
  70  12:17  Assimilator  
  70  12:19  Observer  
  70  12:23  Adept x2  
  74  12:30  Pylon  
  74  12:31  Pylon  
  74  12:35  Observer  
  78  12:58  Disruptor (Chrono Boost)  
  78  13:01  Stalker x3  
  82  13:22  Probe x2  
  82  13:23  Assimilator  
  82  13:24  Pylon  
  82  13:26  Pylon  
  80  13:27  Disruptor  
  83  13:34  Probe  
  83  13:35  Probe  
  83  13:38  Pylon  
  85  13:43  Zealot x3  
  85  13:48  Pylon  
  86  14:03  Disruptor (Chrono Boost)  
  89  14:10  Forge  
  89  14:11  Twilight Council  
  89  14:20  Pylon  
  89  14:26  Stalker x3  
  89  14:31  Pylon  
  95  14:37  Blink  
  98  14:42  Observer (Chrono Boost)  
  98  14:44  Protoss Ground Weapons Level 1 (Chrono Boost)  
  94  14:47  Probe x2  
  96  14:52  Nexus  
  96  14:53  Observer  
  96  14:55  Observer (Chrono Boost)  
  96  14:59  Probe  
  99  15:00  Probe  
  98  15:11  Observer  
  96  15:19  Probe  
  95  15:21  Probe  
  95  15:23  Disruptor  
  98  15:41  Probe  
  98  15:42  Stalker x3  
  105  15:44  Probe  
  105  15:48  Pylon  
  106  15:53  Probe  
  104  16:00  Disruptor (Chrono Boost)  
  94  16:10  Shield Battery  
  91  16:18  Stalker  
  91  16:19  Stalker  
  91  16:22  Stalker  
  93  16:27  Disruptor (Chrono Boost)  
  90  16:37  Gateway  
  90  16:38  Assimilator  
  90  16:41  Gateway  
  90  16:45  Dark Shrine  
  90  16:53  Zealot x3  
Tags
 
Add a new tag
Caveats
  • Supply blocks, unpowered buildings, or Contaminate may cause inaccurate times.
  • Supply counts are checked every 10 seconds.